 Dungeon Crawl Stone Soup version 0.32-a0-918-g0f22ef8d61 (webtiles) character file.

Game seed: 11446383974195973218

249 Adrian566 the Covert (level 6, -1/42 HPs)
             Began as an Octopode Brigand on Apr 11, 2024.
             Slain by a jelly (2 damage)
             ... on level 4 of the Dungeon.
             The game lasted 00:01:50 (3127 turns).

Adrian566 the Covert (Octopode Brigand)             Turns: 3127, Time: 00:01:52

Health: -1/42      AC: -7    Str: 11    XL:     6   Next: 12%
Magic:  6/6        EV: 10    Int: 13    God:
Gold:   235        SH:  8    Dex: 15    Spells: 5/5 levels left

rFire   . . .        a - +2 dagger
rCold   . . .        i - +0 kite shield
rNeg    . . .        (helmet restricted)
rPois   .            (no amulet)
rElec   .            (no ring)
rCorr   .            (no ring)
SInv    .            (no ring)
Will    .....        (no ring)
Stlth   ++           (no ring)
HPRegen 0.27/turn    (no ring)
MPRegen 0.10/turn    (no ring)
                     (no ring)

%: no passive effects
@: on fire, corroded, glowing
A: almost no armour, amphibious, 8 rings, camouflage 1, gelatinous body 1,
(nimble swimmer 1), tentacles
a: no special abilities


You were on level 4 of the Dungeon.
You visited 1 branch of the dungeon, and saw 4 of its levels.

You collected 235 gold pieces.

Inventory:

Hand Weapons
 a - a +2 dagger (weapon)
Missiles
 b - 14 poisoned darts (quivered)
 c - 3 curare-tipped darts
Armour
 i - a +0 kite shield (worn)
Jewellery
 f - a ring of resist corrosion
Wands
 j - a wand of warping (7)
Scrolls
 g - a scroll of teleportation
 h - a scroll of poison
Potions
 d - a potion of curing
 e - a potion of lignification


   Skills:
 * Level 3.3 Fighting
 + Level 3.0 Short Blades
 - Level 2.1 Throwing
 + Level 1.7 Dodging
 + Level 8.0 Stealth
 + Level 0.8 Shields


You had 5 spell levels left.
You didn't know any spells.
Your spell library contained the following spells:

 Spells                   Type           Power      Damage    Failure   Level
 Foxfire                  Conj/Fire      0%         2x1d4     82%         1
 Blink                    Tloc           0%         N/A       91%         2
 Ensorcelled Hibernation  Hex/Ice        0%         N/A       91%         2
 Lesser Beckoning         Tloc           0%         N/A       91%         2
 Momentum Strike          Conj/Tloc      0%         3d8       91%         2
 Fugue of the Fallen      Necr           0%         N/A       99%         3
 Maxwell's Portable Pile  Tloc           0%         2d(5-13)  99%         3
 Passwall                 Erth           0%         N/A       99%         3
 Stone Arrow              Conj/Erth      0%         3d7       99%         3
 Swiftness                Air            0%         N/A       99%         3
 Teleport Other           Tloc           0%         N/A       99%         3
 Anguish                  Hex/Necr       0%         N/A       100%        4
 Plasma Beam              Fire/Air       0%         2x1d10    100%        6
 Starburst                Conj/Fire      0%         6d3       100%        6
 Lehudib's Crystal Spear  Conj/Erth      0%         10d2      100%        8
 Animate Armour           Summ/Erth      Unusable   N/A       N/A         4

Dungeon Overview and Level Annotations

Branches:
Dungeon (4/15)
 Temple: D:4-7

Altars:


Innate Abilities, Weirdness & Mutations

You cannot wear most types of armour.
You are amphibious.
You can wear up to eight rings at the same time.
Your skin changes colour to match your surroundings (Stealth+).
Your rubbery body absorbs attacks. (AC +1, EV +1)
((You are camouflaged when in or above water. (Stealth+)))
You have tentacles for arms and can constrict up to eight enemies at once.


Message History

You constrict the bombardier beetle.
You hit the bombardier beetle but do no damage.
The bombardier beetle is severely wounded.
You constrict the bombardier beetle.
The bombardier beetle sprays incendiary fluid at you.
The burning spray hits you.
You are covered in liquid fire!
The jelly quivers.
You hit the bombardier beetle.
You kill the bombardier beetle!
The liquid fire burns you!
Your Short Blades skill increases to level 3!
Your Stealth skill increases to level 8!
You have reached level 6!
You shake off some of the fire as you move.
The liquid fire burns you!
You hit the jelly. The acid corrodes you!
Your tentacles burn!
The jelly is lightly wounded.
The liquid fire burns you! You block the jelly's attack.
You barely miss the jelly.
The jelly is lightly wounded.
The liquid fire burns you! The jelly barely misses you.
You hit the jelly.
Your tentacles burn!
The jelly is moderately wounded.
The liquid fire burns you! The jelly closely misses you.
You hit the jelly. The acid corrodes you!
Your tentacles burn!
The jelly is heavily wounded.
The liquid fire burns you!
* * * LOW HITPOINT WARNING * * *
You block the jelly's attack. x2
You hit the jelly.
Your tentacles burn!
* * * LOW HITPOINT WARNING * * *
The jelly is heavily wounded.
The liquid fire burns you!
* * * LOW HITPOINT WARNING * * *
The jelly hits you.
You die...

######.# #....#.##
#.......# #.......#
#......# #......#
#......#
#......#######
#..J@.........
#......###########
....../......<.......
.###########.#.#####.
....... .....#.#.#
.......#.#.#
.......... .
.......#... .


You could see a jelly.

Vanquished Creatures
  The ghost of EvilEddieB the Grave Robber, an amateur DsNe (D:3)
  A bombardier beetle (D:4)
  Natasha (thrice) (D:3)
  Terence (D:2)
  A ribbon worm (D:3)
  6 bats
  6 endoplasms
  A giant cockroach (D:3)
  2 goblins (D:1)
  A hobgoblin (D:1)
  8 jackals
  2 quokkas
  2 ball pythons
  3 frilled lizards
  3 kobolds (D:2)
  5 rats
46 creatures vanquished.

Notes
Turn   | Place    | Note
-------+----------+-------------------------------------------
     0 | D:1      | Adrian566 the Octopode Brigand began the quest for the Orb.
     0 | D:1      | Reached XP level 1. HP: 14/14 MP: 1/1
   300 | D:1      | Reached XP level 2. HP: 19/19 MP: 2/2
   978 | D:2      | Reached skill level 6 in Stealth
  1256 | D:2      | Reached XP level 3. HP: 22/24 MP: 3/3
  1353 | D:2      | Noticed Terence
  1360 | D:2      | Killed Terence
  2034 | D:3      | Reached XP level 4. HP: 9/30 MP: 4/4
  2149 | D:3      | Found a faded altar of an unknown god.
  2330 | D:3      | Noticed Natasha
  2334 | D:3      | Killed Natasha
  2335 | D:3      | Reached skill level 7 in Stealth
  2347 | D:3      | Noticed Natasha
  2355 | D:3      | Killed Natasha
  2405 | D:3      | Noticed Natasha
  2411 | D:3      | Killed Natasha
  2412 | D:3      | Reached XP level 5. HP: 30/36 MP: 5/5
  2506 | D:3      | Found a runed translucent door.
  2511 | D:3      | Noticed EvilEddieB's ghost (amateur DsNe)
  2842 | D:3      | Killed EvilEddieB's ghost
  3122 | D:4      | Reached skill level 8 in Stealth
  3122 | D:4      | Reached XP level 6. HP: 34/42 MP: 6/6
  3127 | D:4      | HP: 1/42 [burnt (6)]
  3127 | D:4      | Slain by a jelly

Illustrated notes

Levels and vault maps discovered:
D:1:      lightli_arrival_windingriver, layout_basic
D:2:      layout_basic, dk_noncrumbling_2, minivault_19, uniq_terence
D:3:      layout_basic, basic_ecumenical_altar, gammafunk_ghost_grave,
          uniq_natasha
D:4:      layout_basic, gammafunk_ghost_necromancy, minmay_misc_feat_iff,
          serial_bayou_pond_a

Skill      XL: |  1  2  3  4  5 |
---------------+----------------+-----
Stealth        | 6 7 8 |  8.0
Fighting       | 3 |  3.3
Short Blades   | 3 |  3.0
Throwing       | |  2.1
Dodging        | |  1.7
Shields        | |  0.8

Action                     |  1- 3 |  4- 6 || total
---------------------------+-------+-------++-------
  Melee: Dagger            |    49 |    30 ||    79
         Constrict         |    10 |     8 ||    18
         Tentacles         |     5 |     7 ||    12
    Use: Scroll            |     4 |     1 ||     5
         Potion            |     2 |     2 ||     4
   Stab: Sleeping          |    12 |     4 ||    16
         Distracted        |     2 |       ||     2
 Armour: Skin              |    18 |    11 ||    29
  Dodge: Dodged            |    20 |     9 ||    29
  Block: Kite shield       |     6 |    12 ||    18

Table legend: (Time is in decaauts)
 A = Elapsed time spent in this place.
 B = Non-inter-level travel time spent in this place.
 C = Inter-level travel time spent in this place.
 D = Time resting spent in this place.
 E = Time spent auto-exploring this place.
 F = Levels seen in this place.
 G = Mean time per level.
                   A        B        C        D        E       F      G
               +--------+--------+--------+--------+--------+-----+--------+
         Total |   3144 |   3061 |     83 |    481 |   2246 |   4 |  786.0 |
       Dungeon |   3144 |   3061 |     83 |    481 |   2246 |   4 |  786.0 |
               +--------+--------+--------+--------+--------+-----+--------+

Top non-repeatable levels by time:
     D:3: 1109 daAuts
     D:2: 1050 daAuts
     D:1: 968 daAuts
     D:4: 16 daAuts
